 Dungeon Crawl Stone Soup version 0.19.5 (webtiles) character file.

20085 JeffiDaFish the Basher (level 12, 0/77 HPs)
             Began as a Gargoyle Fighter on Apr 16, 2017.
             Was the Champion of Okawaru.
             Slain by a crocodile (4 damage)
             ... on level 3 of the Lair of Beasts.
             The game lasted 00:27:44 (12209 turns).

JeffiDaFish the Basher (Gargoyle Fighter)          Turns: 12209, Time: 00:27:45

Health: 0/77       AC: 25    Str: 20    XL:     12   Next: 75%
Magic:  0/12       EV:  8    Int: 10    God:    Okawaru [******]
Gold:   585        SH: 14    Dex: 13    Spells: 0 memorised, 11 levels left

rFire  + . .     SeeInvis +     b - +5 morningstar (chaos)
rCold  + + .     Gourm    .     e - +0 chain mail
rNeg   + . .     Faith    .     I - +2 shield of Resistance {rF+ rC+ MR+}
rPois  ∞         Spirit   +     y - +0 hat
rElec  +         Reflect  .     h - +0 cloak
rCorr  .         Harm     .     o - +1 pair of gloves
MR     +....                    q - +0 pair of boots
Stlth  ..........               p - amulet of guardian spirit
                                a - ring of see invisible
                                i - ring of protection from cold

@: no status effects
A: negative energy resistance 1, electricity resistance, unbreathing,
petrification resistance, rot immunity, AC +8
a: Heroism, Finesse, Renounce Religion


You were on level 3 of the Lair of Beasts.
You worshipped Okawaru.
Okawaru was exalted by your worship.
You were not hungry.

You visited 3 branches of the dungeon, and saw 14 of its levels.

You collected 810 gold pieces.
You spent 225 gold pieces at shops.

Inventory:

Hand Weapons
 b - a +5 morningstar of chaos (weapon)
Armour
 e - a +0 chain mail (worn)
 h - a +0 cloak (worn)
 o - a +1 pair of gloves (worn)
 q - a +0 pair of boots (worn)
 y - a +0 hat (worn)
 I - the +2 shield of Resistance (worn) {rF+ rC+ MR+}
   (You found it on level 4 of the Lair of Beasts)

   It protects you from fire.
   It protects you from cold.
   It affects your resistance to hostile enchantments.
Jewellery
 a - a ring of see invisible (right hand)
 i - a ring of protection from cold (left hand)
 k - an uncursed ring of protection from fire
 n - an uncursed ring of protection from magic
 p - an amulet of guardian spirit (around neck)
Wands
 d - a wand of hasting (3/9)
 G - a wand of acid (3/15)
Scrolls
 g - 7 scrolls of remove curse
 m - 9 scrolls of amnesia
 r - 2 scrolls of fear
 t - 4 scrolls of identify
 D - a scroll of magic mapping
Potions
 u - a potion of magic
 z - 3 potions of curing
 A - a potion of resistance
 B - a potion of cure mutation
 C - a potion of brilliance
Books
 v - a book of Necromancy

   Spells                             Type                      Level
   a - Pain                           Necromancy                   1
   b - Animate Skeleton               Necromancy                   1
   c - Vampiric Draining              Necromancy                   3
   d - Regeneration                   Charms/Necromancy            3
   e - Animate Dead                   Necromancy                   4
   f - Control Undead                 Necromancy                   4
 F - a Young Poisoner's Handbook

   Spells                             Type                      Level
   a - Sting                          Conjuration/Poison           1
   b - Mephitic Cloud                 Conjuration/Poison/Air       3
   c - Olgreb's Toxic Radiance        Poison                       4
   d - Alistair's Intoxication        Transmutation/Poison         5
   e - Venom Bolt                     Conjuration/Poison           5
Comestibles
 f - 8 bread rations
 j - 9 meat rations
 l - a slice of pizza
 s - 4 fruits
 w - 2 beef jerkies
 E - 14 royal jellies


   Skills:
 + Level 9.7 Fighting
 + Level 13.4 Maces & Flails
 + Level 8.7 Armour
 + Level 3.1 Dodging
 + Level 1.3 Stealth
 + Level 11.8 Shields


You had 11 spell levels left.
You didn't know any spells.

Dungeon Overview and Level Annotations

Branches:
Dungeon (9/15)             Temple (1/1) D:4            Lair (4/6) D:9
  Swamp (0/4) Lair:3       Spider (0/4) Lair:3
    Orc: D:9-12

Altars:
Cheibriados
Fedhas
Gozag
Kikubaaqudgha
Nemelex Xobeh
Okawaru
Qazlal
Ru
Uskayaw
Vehumet
Xom
The Shining One

Shops:
D:9 (!

Annotations:
Lair:1 CrawlBurg's ghost, journeyman HOFi


Innate Abilities, Weirdness & Mutations

You are resistant to torment.
Your stone body is resilient. (AC +8)
You are immune to poison.
You resist negative energy. (rN+)
You are resistant to electric shocks. (rElec)
You can survive without breathing.
You are immune to petrification.
You are immune to rotting.


Message History

You block the eight-headed hydra's attack.
The eight-headed hydra bites you.
* * * LOW HITPOINT WARNING * * *
The eight-headed hydra bites you.
* * * LOW HITPOINT WARNING * * *
The eight-headed hydra bites you but does no damage.
The crocodile bites you but does no damage.
You bludgeon the crocodile!!
The crocodile is almost dead.
The eight-headed hydra closely misses you.
You block the eight-headed hydra's attack. x2
The eight-headed hydra bites you but does no damage.
The eight-headed hydra bites you!
* * * LOW HITPOINT WARNING * * *
The eight-headed hydra bites you but does no damage.
You block the eight-headed hydra's attack.
The eight-headed hydra bites you.
* * * LOW HITPOINT WARNING * * *
The crocodile bites you.
You die...

..P###....................##.####
.................................
.##.###...#####P.##..#...........
.#### ##..P# ########..........#
.P# ##...# ### ##..P####..# .##
#....# #.####...## #..#
.######...########.P.##..#.###..#
....................P.....#.##...
.............<..@t...............
...........####..D.............#.
.............##............##..##
...........P.....................
.................................
.............##...#...##.#..P..≈≈
.......>......#.###...########.≈≈
..............P..##...#P##.###≈≈≈
........................##.##.≈≈≈


You could see an eight-headed hydra and a crocodile.

Vanquished Creatures
  Gastronok (D:8)
  A fire dragon (D:9)
  The ghost of Homage the Cruncher, a journeyman GrGl of Okawaru (Lair:2)
  A hydra (Lair:2)
  Erica (D:9)
  2 death yaks (Lair:4)
  3 spiny frogs
  3 black mambas
  A torpor snail (Lair:1)
  4 komodo dragons
  2 ice devils (Lair:1)
  A queen bee (Lair:2)
  6 hippogriffs
  10 yaks
  2 wyverns
  Menkaure (D:7)
  5 water moccasins
  2 hell hounds (D:9)
  4 porcupines
  An ice beast (D:9)
  4 orc warriors
  8 phantoms
  A sky beast (D:6)
  A black bear (D:9)
  2 necrophages
  3 ogres
  A wolf (Lair:2)
  6 centaurs
  3 crocodiles (Lair:3)
  2 big kobolds
  11 bullfrogs
  A wyvern zombie (D:7)
  A water moccasin zombie (D:8)
  A water moccasin skeleton (D:9)
  3 scorpions
  25 killer bees
  4 howler monkeys
  8 wights (D:6)
  2 crimson imps
  7 hounds
  2 jellies
  A gnoll shaman (D:8)
  An orc priest (D:8)
  A centaur skeleton (D:4)
  9 orc wizards
  2 bullfrog skeletons (D:8)
  2 iguanas (D:6)
  7 worker ants
  Natasha (thrice) (D:3)
  Robin (D:2)
  4 gnolls (D:8)
  12 adders
  3 shadow imps
  5 oozes
  An adder zombie (D:5)
  2 adder skeletons (D:8)
  4 worms
  2 dart slugs
  5 leopard geckos
  36 orcs
  7 bats
  2 giant cockroaches
  16 goblins
  10 hobgoblins
  3 jackals
  15 kobolds
  3 quokkas
  6 ball pythons
  3 frilled lizards
  A jackal skeleton (D:5)
  4 rats
319 creatures vanquished.

Vanquished Creatures (others)
  An orc wizard (D:6)
  2 kobolds (D:9)
  2 plants (Lair:4)
5 creatures vanquished.

Grand Total: 324 creatures vanquished

Notes
Turn   | Place    | Note
-------+----------+-------------------------------------------
     0 | D:1      | JeffiDaFish the Gargoyle Fighter began the quest for the Orb.
     0 | D:1      | Reached XP level 1. HP: 14/14 MP: 1/1
    59 | D:1      | Reached XP level 2. HP: 16/19 MP: 2/2
   261 | D:1      | Reached XP level 3. HP: 23/23 MP: 3/3
  1039 | D:2      | Reached XP level 4. HP: 28/28 MP: 4/4
  1191 | D:2      | Noticed Robin
  1221 | D:2      | Killed Robin
  1239 | D:2      | Reached skill level 3 in Maces & Flails
  1811 | D:3      | Noticed Natasha
  1817 | D:3      | Killed Natasha
  1817 | D:3      | Reached XP level 5. HP: 27/33 MP: 5/5
  2072 | D:3      | Noticed Natasha
  2082 | D:3      | Killed Natasha
  2082 | D:3      | Reached XP level 6. HP: 33/38 MP: 6/6
  2093 | D:3      | Noticed Natasha
  2113 | D:3      | Killed Natasha
  2113 | D:3      | Reached skill level 4 in Maces & Flails
  2525 | D:4      | Noticed a phantom
  2567 | D:4      | Killed a phantom
  2567 | D:4      | Reached skill level 1 in Dodging
  2567 | D:4      | Reached skill level 5 in Shields
  2609 | D:4      | Reached XP level 7. HP: 21/43 MP: 4/7
  2769 | D:4      | Found a staircase to the Ecumenical Temple.
  2778 | Temple   | Entered the Ecumenical Temple
  2801 | Temple   | Became a worshipper of Warmaster Okawaru
  2873 | D:4      | Reached skill level 5 in Maces & Flails
  3004 | D:4      | Gained mutation: You can translocate small distances at will. [potion of mutation]
  3004 | D:4      | Gained mutation: You are resistant to hostile enchantments. (MR+) [potion of mutation]
  3004 | D:4      | Gained mutation: You are highly resistant to hostile enchantments. (MR++) [potion of mutation]
  3421 | D:5      | Entered Level 5 of the Dungeon
  3427 | D:5      | Reached skill level 5 in Armour
  3447 | D:5      | Reached skill level 1 in Stealth
  3447 | D:5      | Reached XP level 8. HP: 12/48 MP: 3/8
  3732 | D:5      | Reached * piety under Okawaru
  3775 | D:5      | Lost mutation: You can translocate small distances at will. [potion of cure mutation]
  3775 | D:5      | Lost mutation: You are highly resistant to hostile enchantments. (MR++) [potion of cure mutation]
  3775 | D:5      | Lost mutation: You are resistant to hostile enchantments. (MR+) [potion of cure mutation]
  3988 | D:5      | Reached skill level 6 in Maces & Flails
  4411 | D:6      | Found a glowing golden altar of the Shining One.
  4479 | D:6      | Reached skill level 5 in Fighting
  4659 | D:6      | Reached skill level 7 in Maces & Flails
  4680 | D:6      | Reached ** piety under Okawaru
  4680 | D:6      | Reached XP level 9. HP: 32/54 MP: 9/9
  5242 | D:7      | Reached skill level 8 in Maces & Flails
  5384 | D:7      | Noticed Menkaure
  5418 | D:7      | Killed Menkaure
  5418 | D:7      | Reached *** piety under Okawaru
  6028 | D:8      | Reached skill level 9 in Maces & Flails
  6028 | D:8      | Reached XP level 10. HP: 32/61 MP: 7/10
  6407 | D:8      | Found a runed door.
  6423 | D:8      | Reached **** piety under Okawaru
  6608 | D:8      | Found a runed door.
  6978 | D:8      | Noticed Gastronok
  6991 | D:8      | Killed Gastronok
  6991 | D:8      | Reached ***** piety under Okawaru
  6991 | D:8      | Received a gift from Okawaru
  6991 | D:8      | Reached skill level 10 in Maces & Flails
  6991 | D:8      | Reached XP level 11. HP: 57/68 MP: 8/11
  7196 | D:8      | Reached skill level 10 in Shields
  7364 | D:9      | Reached skill level 11 in Maces & Flails
  7399 | D:9      | Found Ziqo's Distillery.
  7467 | D:9      | Bought 2 potions of heal wounds for 150 gold pieces
  7467 | D:9      | Bought a potion of heal wounds for 75 gold pieces
  7567 | D:9      | Noticed a fire dragon
  7588 | D:9      | Killed a fire dragon
  7778 | D:9      | Found Wyutz's Antique Weapon Shop.
  7788 | D:9      | Noticed Erica
  7809 | D:9      | Killed Erica
  8017 | D:9      | Found a staircase to the Lair.
  8221 | Lair:1   | Entered Level 1 of the Lair of Beasts
  8246 | Lair:1   | Found a snail-covered altar of Cheibriados.
  8258 | Lair:1   | Reached ****** piety under Okawaru
  8260 | Lair:1   | Received a gift from Okawaru
  8297 | Lair:1   | Found a stormy altar of Qazlal.
  8319 | Lair:1   | Noticed CrawlBurg's ghost (journeyman HOFi)
  8339 | Lair:1   | HP: 2/69 [CrawlBurg's ghost (12)]
  8935 | Lair:1   | Reached skill level 12 in Maces & Flails
  9281 | Lair:1   | Identified the +4 falchion of Peace {freeze, rF+} (You found it on level 1 of the Lair of Beasts)
  9672 | Lair:2   | Reached XP level 12. HP: 63/75 MP: 8/12
  9845 | Lair:2   | Noticed a five-headed hydra
  9861 | Lair:2   | Killed a five-headed hydra
  9903 | Lair:2   | Noticed Homage's ghost (journeyman GrGl)
  9955 | Lair:2   | Killed Homage's ghost
 11102 | Lair:2   | Reached skill level 13 in Maces & Flails
 11409 | Lair:3   | Received a gift from Okawaru
 11432 | Lair:3   | Found a staircase to the Swamp.
 11552 | Lair:3   | Found a hole to the Spider Nest.
 11608 | Lair:3   | Identified a scroll of acquirement
 11609 | Lair:3   | Got a dazzling crystal plate armour
 11620 | Lair:3   | Identified the +1 crystal plate armour of Uskayaw's Wrath {MR+ Dex-2 Stlth+} (You acquired it on level 3 of the Lair of Beasts)
 12148 | Lair:4   | Noticed a death yak
 12149 | Lair:4   | Noticed a death yak
 12149 | Lair:4   | Noticed a death yak
 12150 | Lair:4   | Noticed a death yak
 12154 | Lair:4   | Noticed an eight-headed hydra
 12164 | Lair:4   | Killed a death yak
 12173 | Lair:4   | Killed a death yak
 12209 | Lair:3   | Slain by a crocodile

Skill      XL: |  1  2  3  4  5  6  7  8  9 10 11 12 |
---------------+-------------------------------------+-----
Shields        | 4 5 7 8 9 10 11 | 11.8
Armour         | 4 5 6 7 8 |  8.7
Maces & Flails | 3 4 5 7 9 10 12 13 | 13.4
Dodging        | 1 2 3 |  3.1
Fighting       | 4 5 6 7 8 9 |  9.7
Stealth        | 1 |  1.3

Action                   |  1- 3 |  4- 6 |  7- 9 | 10-12 || total
-------------------------+-------+-------+-------+-------++-------
Melee: Flail             |   135 |   249 |   395 |       ||   779
       Morningstar       |       |       |   177 |   778 ||   955
  Use: Scroll            |     4 |       |     8 |    12 ||    24
       Potion            |     3 |     2 |     8 |    15 ||    28
  Eat: Chunk             |     1 |     5 |    13 |    17 ||    36
       Pizza             |       |       |       |     1 ||     1
       Royal jelly       |       |       |       |     1 ||     1
Armor: Chain mail        |   103 |   166 |   299 |   547 ||  1115
       Scale mail        |     3 |       |       |       ||     3
Dodge: Dodged            |    42 |    45 |   148 |   268 ||   503
Block: Shield            |    79 |   123 |   316 |   558 ||  1076
